 Dungeon Crawl Stone Soup version 0.32-a0-171-g4625e66871 (webtiles) character file.

Game seed: 7849540532345381305

78 mioo the Chopper (level 4, -4/34 HPs)
             Began as a Demonspawn Gladiator on Feb 12, 2024.
             Slain by a gnoll
             ... wielding a +0 spear
              (6 damage)
             ... on level 2 of the Dungeon.
             The game lasted 00:02:01 (1210 turns).

mioo the Chopper (Demonspawn Gladiator)             Turns: 1210, Time: 00:02:01

Health: -4/34      AC:  3    Str: 17    XL:     4   Next: 15%
Magic:  4/4        EV: 17    Int:  8    God:
Gold:   90         SH:  0    Dex: 14    Spells: 3/3 levels left

rFire   + . .        a - +0 war axe
rCold   x . .        (no shield)
rNeg    . . .        b - +0 leather armour
rPois   .            (helmet restricted)
rElec   .            (no cloak)
rCorr   .            (no gloves)
SInv    .            (no boots)
Will    .....        (no amulet)
Stlth   +            j - +5 ring of evasion
HPRegen 0.25/turn    k - ring of fire
MPRegen 0.09/turn

%: no passive effects
@: no status effects
A: horns 1
a: no special abilities


You were on level 2 of the Dungeon.
You visited 1 branch of the dungeon, and saw 2 of its levels.

You collected 90 gold pieces.

Inventory:

Hand Weapons
 a - a +0 war axe (weapon)
Missiles
 d - 3 throwing nets (quivered)
 e - 7 javelins
Armour
 b - a +0 leather armour (worn)
 c - a +0 helmet
Jewellery
 j - a +5 ring of evasion (left hand)
 k - a ring of fire (right hand)
Scrolls
 g - a scroll of butterflies {unknown}
 h - a scroll of teleportation {unknown}
 i - a scroll of enchant weapon {unknown}
 m - 2 scrolls of identify {unknown}
Potions
 f - a potion of cancellation {unknown}
 l - 2 potions of brilliance {unknown}
 n - 2 potions of resistance {unknown}
 o - 2 potions of berserk rage {unknown}
 p - a potion of might {unknown}


   Skills:
 + Level 2.4 Fighting
 + Level 3.6 Axes
 + Level 1.8 Throwing
 + Level 1.1 Armour
 + Level 3.2 Dodging


You had 3 spell levels left.
You didn't know any spells.
Your spell library contained the following spells:

 Spells                   Type           Power      Damage    Failure   Level
 Cigotuvi's Dreadful Rot  Necr/Alch/Air  0%         N/A       61%         2
 Ignite Poison            Fire/Alch      0%         N/A       99%         4
 Freezing Cloud           Conj/Ice/Air   0%         6-21      100%        5


Dungeon Overview and Level Annotations

Branches:
Dungeon (2/15)

Altars:
Qazlal

Shops:
D:2 :


Innate Abilities, Weirdness & Mutations

You have a pair of small horns on your head.


Message History

The stream of webbing misses you.
A gnoll comes into view. It is wielding a +0 spear.
A gnoll comes into view. It is wielding a +0 whip.
The ribbon worm barely misses you.
The gnoll shouts! x2
You hit the ribbon worm.
The ribbon worm is lightly wounded.
You hear an angry hiss.
A gnoll breaks down the door.
The ribbon worm barely misses you. The gnoll closely misses you.
You slash the ribbon worm! Your headbutt misses the ribbon worm.
The ribbon worm is heavily wounded.
You slash the gnoll! The gnoll misses you. The ribbon worm barely misses you.
You slash the ribbon worm!
The ribbon worm is severely wounded.
You closely miss the gnoll.
A gnoll comes into view. It is wielding a +0 spear.
The gnoll closely misses you. x2; The ribbon worm bites you.
You hit the ribbon worm.
The ribbon worm is severely wounded.
You slash the gnoll!
You kill the gnoll!
The gnoll hits you from afar with a +0 spear.
The ribbon worm expels a string of sticky webbing.
The stream of webbing misses you.
Your Armour skill increases to level 1!
You completely miss the ribbon worm. You headbutt the ribbon worm.
The ribbon worm is almost dead.
The gnoll hits you from afar with a +0 spear.
The ribbon worm bites you. The gnoll misses you.
The gnoll attacks as it pursues you! The gnoll hits you with a +0 whip.
The gnoll attacks as it pursues you!
The gnoll hits you from afar with a +0 spear.
* * * LOW HITPOINT WARNING * * *
The gnoll attacks as it pursues you! The gnoll closely misses you.
The gnoll attacks as it pursues you! The gnoll hits you with a +0 whip.
* * * LOW HITPOINT WARNING * * *
The gnoll attacks as it pursues you!
The gnoll hits you from afar with a +0 spear.
You die...

######.# #....####.########
#.. +................#
#....####.###....# #....#
#...#)...# # #....#
###......#####
############...#......
#..........##....###..
###+####..g.......##.....##..
##.........g.@.....##......#..
..?.......w........##.._...#..
##....)....................#..
.'.....g..$..########......#..
.............# ####...#..
#....#[..$...###########...#..
.... #..####.##...>......#.+..
... #..# #.##.############..
.. ...## #.##...# ###


You could see a ribbon worm and 3 gnolls.

Vanquished Creatures
  An orc priest (D:2)
  A gnoll (D:2)
  A dart slug (D:1)
  2 orcs (D:2)
  3 ball pythons
  An endoplasm (D:1)
  2 giant cockroaches (D:1)
  2 goblins (D:1)
  4 hobgoblins (D:1)
  A quokka (D:1)
  6 bats (D:1)
  3 frilled lizards (D:1)
  6 kobolds
  3 rats (D:1)
36 creatures vanquished.

Notes
Turn   | Place    | Note
-------+----------+-------------------------------------------
     0 | D:1      | mioo the Demonspawn Gladiator began the quest for the Orb.
     0 | D:1      | Reached XP level 1. HP: 16/16 MP: 1/1
    97 | D:1      | Gained mutation: You have a pair of small horns on your
                  | head. [demonic ancestry]
    97 | D:1      | Reached XP level 2. HP: 22/22 MP: 2/2
   412 | D:1      | Reached XP level 3. HP: 19/27 MP: 3/3
   772 | D:2      | Found a stormy altar of Qazlal.
   932 | D:2      | Found Hokeici's Book Shop.
  1143 | D:2      | Reached XP level 4. HP: 30/34 MP: 4/4
  1204 | D:2      | Reached skill level 1 in Armour
  1208 | D:2      | HP: 1/34 [gnoll/+0 whip (6)]
  1210 | D:2      | Slain by a gnoll

Illustrated notes

Levels and vault maps discovered:
D:1:      psy_arrival_wood_between_worlds, layout_basic, minmay_misc_feat_square
D:2:      cheibrodos_pilgrimage, layout_basic, serial_shops,
          nicolae_shop_rolling_square, hellmonk_ecumenical_altar_lost_god,
          basic_altar

Skill      XL: |  1  2  3  4 |
---------------+-------------+-----
Axes           | 3 |  3.6
Dodging        | 3 |  3.2
Armour         | 1 |  1.1
Fighting       | |  2.4
Throwing       | |  1.8

Action                     |  1- 3 |  4- 6 || total
---------------------------+-------+-------++-------
  Melee: War axe           |    74 |     5 ||    79
         Headbutt          |     8 |     1 ||     9
 Armour: Leather armour    |    62 |     8 ||    70
  Dodge: Dodged            |    82 |    11 ||    93

Table legend: (Time is in decaauts)
 A = Elapsed time spent in this place.
 B = Non-inter-level travel time spent in this place.
 C = Inter-level travel time spent in this place.
 D = Time resting spent in this place.
 E = Time spent auto-exploring this place.
 F = Levels seen in this place.
 G = Mean time per level.
                   A        B        C        D        E       F      G
               +--------+--------+--------+--------+--------+-----+--------+
         Total |   1236 |   1207 |     29 |      0 |    791 |   2 |  618.0 |
       Dungeon |   1236 |   1207 |     29 |      0 |    791 |   2 |  618.0 |
               +--------+--------+--------+--------+--------+-----+--------+

Top non-repeatable levels by time:
     D:1: 717 daAuts
     D:2: 519 daAuts
